 Dungeon Crawl Stone Soup version 0.25-a0-578-gc91f01c39c (webtiles) character file.

Game seed: 6748499756388853957, levelgen mode: deterministic

471 Kohma the Ruffian (level 6, -1/51 HPs)
             Began as a Draconian Transmuter on Mar 6, 2020.
             Was an Initiate of Makhleb.
             Succumbed to a worker ant's poison
             ... on level 4 of the Dungeon.
             The game lasted 00:07:06 (3799 turns).

Kohma the Ruffian (Draconian Transmuter)            Turns: 3799, Time: 00:07:06

Health: -1/51      AC:  2    Str: 13    XL:     6   Next: 83%
Magic:  8/10       EV: 17    Int: 15    God:    Makhleb [......]
Gold:   231        SH:  0    Dex: 21    Spells: 5/11 levels left

rFire    . . .     SeeInvis .     - Unarmed
rCold    . . .     Gourm    .   (shield currently unavailable)
rNeg     . . .     Faith    .   (armour unavailable)
rPois    x         Spirit   .   (helmet currently unavailable)
rElec    .         Reflect  .   (cloak currently unavailable)
rCorr    .         Harm     .   (gloves currently unavailable)
MR       .....                  (boots currently unavailable)
Stlth    ++........             (no amulet)
HPRegen  0.17/turn              k - +5 ring of dexterity
MPRegen  0.12/turn              (no ring)

@: lethally poisoned (-1 -> -41), spider-form (expiring), heavily drained
A: tiny, unfitting armour, AC +6
a: End Transformation, Renounce Religion


You were on level 4 of the Dungeon.
You worshipped Makhleb.
Makhleb was noncommittal.
You were not hungry.
You were a venomous arachnid creature.
You visited 2 branches of the dungeon, and saw 6 of its levels.

You collected 231 gold pieces.

Inventory:

Missiles
 a - 79 arrows
Jewellery
 k - a +5 ring of dexterity (left front leg)
 l - an uncursed ring of fire
Scrolls
 b - 5 scrolls of identify
 e - a scroll of teleportation
 g - a scroll of enchant weapon {unknown}
 h - a scroll of random uselessness {unknown}
 i - a scroll of magic mapping
 m - a scroll of fear {unknown}
Potions
 d - a potion of lignification
 f - a potion of magic
 j - 3 potions of flight {unknown}
Comestibles
 c - 8 rations


   Skills:
 + Level 3.3(1.4) Fighting
 - Level 1.7(0.0) Dodging
 * Level 5.1(3.0) Unarmed Combat
 - Level 3.0(1.0) Spellcasting
 * Level 4.6(2.5) Transmutations


You had 5 spell levels left.
You knew the following spells:

 Your Spells              Type           Power        Failure   Level  Hunger
a - Beastly Appendage     Tmut           #.....       22%         1    ##.....
b - Sticks to Snakes      Tmut           #.......     30%         2    ###....
c - Spider Form           Tmut/Pois      #.........   63%         3    ####...

Your spell library contained the following spells:

 Spells                   Type           Power        Failure   Level  Hunger
 Ice Form                 Ice/Tmut       #.......     93%         4    #####..
 Blade Hands              Tmut           #.........   98%         5    ######.


Dungeon Overview and Level Annotations

Branches:
Dungeon (5/15)             Temple (1/1) D:4

Altars:
Ashenzari
Cheibriados
Dithmenos
Elyvilon
Fedhas
Gozag
Hepliaklqana
Kikubaaqudgha
Makhleb
Okawaru
Qazlal
Ru
Sif Muna
Uskayaw
Vehumet
Zin

Annotations:
D:5 Eustachio


Innate Abilities, Weirdness & Mutations

((Your plain brown scales are hard. (AC +6)))
You cannot fit into any form of body armour.
((You are cold-blooded and may be slowed by cold attacks.))


Message History

The worker ant barely misses you.
Eustachio gestures wildly while chanting.
Eustachio blinks!
You hit the worker ant but do no damage.
The worker ant looks even sicker.
The worker ant is almost dead.
* * * LOW HITPOINT WARNING * * *
You feel very sick. The worker ant misses you.
Eustachio casts a spell.
You closely miss the worker ant.
The worker ant is almost dead.
* * * LOW HITPOINT WARNING * * *
You feel very sick.
You kill the worker ant!
Makhleb accepts your kill.
* * * LOW HITPOINT WARNING * * *
You feel very sick.
You climb upwards.
You die...

≈≈########.............####.§§###
≈≈≈≈# #.##...####.########§§.§§##
≈≈.## #...........# ##§§§§§§§#
.#.# ####.######## ###§§§.§§§§§
...# #.# #§§§§.§§§§.. .### #.###
#§§....§.§.. .# #...#
#######........§§§ .# ###.#
#.......#§§§§§§.§§ .######
####.###s......##§§§§§§§#
......###.#...##.......###§§§§§##
......##.#.............# ##...##
......#.##.....#.......# #...#
.####.##.#.....#..(....# #.### .#
#.###..............# #..# .# #.#
#..##.##.####.## ##.# .## #.#
#........##.#.# #.#
..###.###..##.........# #.#


There were no monsters in sight!

Vanquished Creatures
  A phantom (D:3)
  2 big kobolds (D:4)
  A hound (D:4)
  A bullfrog skeleton (D:4)
  An iguana (D:4)
  3 worker ants
  2 adders (D:3)
  2 oozes
  4 worms (D:3)
  A dart slug (D:4)
  3 orcs
  2 bats (D:3)
  2 giant cockroaches (D:4)
  12 goblins
  16 hobgoblins
  2 jackals (D:2)
  10 kobolds
  A quokka (D:4)
  A frilled lizard (D:4)
  2 quokka skeletons
  4 rats
73 creatures vanquished.

Notes
Turn   | Place    | Note
-------+----------+-------------------------------------------
     0 | D:1      | Kohma the Draconian Transmuter began the quest for the Orb.
     0 | D:1      | Reached XP level 1. HP: 16/16 MP: 3/3
   185 | D:1      | Reached XP level 2. HP: 11/23 MP: 3/5
   239 | D:1      | Learned a level 2 spell: Sticks to Snakes
   914 | D:2      | Reached XP level 3. HP: 17/29 MP: 6/6
  1099 | D:2      | Learned a level 3 spell: Spider Form
  1118 | D:2      | You fall into a shaft and drop 1 floor!
  1128 | D:3      | Found a shattered altar of Ashenzari.
  1429 | D:3      | Found a snail-covered altar of Cheibriados.
  1501 | D:3      | Noticed a phantom
  1519 | D:3      | Reached XP level 4. HP: 27/36 MP: 4/7
  1696 | D:3      | Killed a phantom
  1696 | D:3      | Reached skill level 4 in Unarmed Combat
  1696 | D:3      | Reached XP level 5. HP: 27/42 MP: 2/8
  2184 | D:4      | Found a shadowy altar of Dithmenos.
  2209 | D:4      | Found a staircase to the Ecumenical Temple.
  2215 | Temple   | Entered the Ecumenical Temple
  2245 | Temple   | Became a worshipper of Makhleb the Destroyer
  2356 | D:4      | HP: 2/44 [poisoned by a worker ant]
  2769 | D:4      | Reached XP level 6. HP: 39/50 MP: 10/10
  3293 | D:4      | Reached skill level 5 in Unarmed Combat
  3585 | D:5      | Entered Level 5 of the Dungeon
  3599 | D:5      | Noticed Eustachio
  3799 | D:4      | Succumbed to a worker ant's poison

Levels and vault maps discovered:
D:1:      scummos_arrival_star, layout_basic
D:2:      layout_loops_ring
D:3:      cheibrodos_greedy_goblins, layout_rooms, evilmike_ruin_ashenzari,
          cheibriados_altar_1
D:4:      cheibrodos_thug_alley, layout_loops_cross,
          nicolae_dithmenos_the_darkroom, minmay_temple_entry_metal_lava,
          chequers_mini_garden
D:5:      layout_basic, nemelex_xobeh_ov_fountains_minmay, first_ration,
          minmay_tree_intersection, uniq_eustachio
Temple:   cyrus_circular_temple

Skill      XL: |  1  2  3  4  5  6 |
---------------+-------------------+-----
Fighting       | 2 3 |  3.3
Unarmed Combat | 4 5 |  5.1
Transmutations | 3 4 |  4.6
Spellcasting   | 3 |  3.0
Dodging        | |  1.7

Action                   |  1- 3 |  4- 6 || total
-------------------------+-------+-------++-------
Melee: Unarmed           |   120 |   186 ||   306
       Kick              |     5 |     4 ||     9
       Headbutt          |     4 |     4 ||     8
       Tailslap          |     5 |    19 ||    24
       Punch             |     1 |     3 ||     4
 Cast: Beastly Appendage |     8 |     5 ||    13
       Sticks to Snakes  |     2 |     2 ||     4
       Spider Form       |     4 |     5 ||     9
  Use: Scroll            |       |     8 ||     8
       Potion            |       |     1 ||     1
 Stab: Sleeping          |       |     1 ||     1
  Eat: Chunk             |     3 |     8 ||    11
       Ration            |       |     1 ||     1
Armor: Skin              |    24 |    40 ||    64
Dodge: Dodged            |    86 |   109 ||   195

Table legend:
 A = Non-vault XP
 B = Vault XP
 C = Vault XP percentage of total XP
 D = Non-vault monster count
 E = Vault monster count
 F = Vault count percentage of total count
                 A         B        C        D         E       F
            +---------+---------+-------+---------+---------+-------
      Total |     463 |     210 |  31.2 |      50 |      23 |  31.5
            +---------+---------+-------+---------+---------+-------
        D:1 |      30 |       0 |   0.0 |      15 |       0 |   0.0
        D:2 |      18 |       0 |   0.0 |       7 |       0 |   0.0
        D:3 |     178 |      21 |  10.6 |      13 |      11 |  45.8
        D:4 |     204 |     189 |  48.1 |      13 |      12 |  48.0
        D:5 |      33 |       0 |   0.0 |       2 |       0 |   0.0
            +---------+---------+-------+---------+---------+-------
